Map: Kairos Junction LE

Players

Smileblind

  • Race: Protoss Protoss
  • League: Silver
  • Spawn Location: 5:00

VOD

Have the link to the VOD?

Description

Time

  • Played on: Feb. 4, 2019, 11:05 a.m.
  • Length: 19:43
Show
View Real Time Build Order
Export as new Build Order

Smileblind Protoss 

Build Orders:  

Get SALT Encoding   

  12  0:05  Probe (Chrono Boost)  
  13  0:22  Probe (Chrono Boost)  
  14  0:34  Pylon  
  14  0:39  Probe (Chrono Boost)  
  16  1:01  Probe (Chrono Boost)  
  16  1:05  Gateway  
  16  1:18  Probe (Chrono Boost)  
  17  1:22  Assimilator  
  17  1:28  Assimilator  
  17  1:35  Probe (Chrono Boost)  
  18  1:52  Probe (Chrono Boost)  
  19  2:12  Nexus  
  19  2:15  Probe (Chrono Boost)  
  20  2:26  Zealot  
  23  2:32  Probe (Chrono Boost)  
  23  2:45  Cybernetics Core  
  23  3:00  Pylon  
  23  3:17  Pylon  
  23  3:27  Probe (Chrono Boost)  
  23  3:28  Pylon  
  24  3:36  Sentry  
  26  3:44  Probe (Chrono Boost)  
  27  3:53  Shield Battery  
  27  4:00  Probe (Chrono Boost)  
  27  4:04  Probe (Chrono Boost)  
  29  4:11  Probe (Chrono Boost)  
  31  4:21  Probe (Chrono Boost)  
  31  4:23  Probe (Chrono Boost)  
  31  4:28  Stalker  
  31  4:29  Pylon  
  34  4:34  Probe (Chrono Boost)  
  34  4:38  Probe (Chrono Boost)  
  36  4:55  Probe (Chrono Boost)  
  36  4:59  Warp Gate  
  37  5:04  Robotics Facility  
  37  5:11  Forge  
  37  5:12  Probe (Chrono Boost)  
  37  5:13  Probe (Chrono Boost)  
  37  5:15  Twilight Council  
  39  5:24  Probe (Chrono Boost)  
  39  5:29  Probe (Chrono Boost)  
  41  5:37  Assimilator  
  41  5:40  Assimilator  
  41  5:41  Sentry  
  41  5:45  Probe (Chrono Boost)  
  41  5:46  Probe (Chrono Boost)  
  45  5:57  Probe (Chrono Boost)  
  45  6:04  Gateway  
  45  6:09  Probe (Chrono Boost)  
  46  6:11  Photon Cannon  
  46  6:16  Warp Prism  
  47  6:20  Probe (Chrono Boost)  
  50  6:31  Probe (Chrono Boost)  
  51  6:43  Dark Shrine, Probe (Chrono Boost)  
  51  6:47  Probe (Chrono Boost)  
  53  7:04  Probe (Chrono Boost)  
  54  7:12  Immortal  
  54  7:17  Photon Cannon  
  58  7:24  Protoss Ground Weapons Level 1  
  58  7:25  Pylon  
  58  7:27  Pylon  
  58  7:36  Charge  
  58  7:38  Robotics Bay  
  58  7:47  Gateway  
  58  7:56  Gateway  
  58  7:57  Probe (Chrono Boost)  
  59  8:31  Pylon  
  59  8:33  Pylon  
  59  8:37  Pylon  
  59  8:41  Nexus  
  59  8:42  Dark Templar x2  
  63  9:13  Gateway  
  63  9:14  Gateway  
  63  9:20  Colossus  
  63  9:22  Gateway x2  
  63  9:28  Dark Templar  
  63  9:29  Robotics Facility  
  71  9:30  Dark Templar  
  71  9:36  Dark Templar  
  65  10:15  Dark Templar x3  
  71  10:35  Colossus  
  77  10:44  Probe (Chrono Boost)  
  78  10:54  Probe x2 (Chrono Boost)  
  78  10:56  Probe (Chrono Boost)  
  78  10:58  Colossus  
  87  11:06  Shield Battery  
  87  11:07  Shield Battery  
  87  11:09  Probe (Chrono Boost)  
  89  11:11  Probe x2 (Chrono Boost)  
  89  11:12  Shield Battery  
  90  11:24  Pylon  
  90  11:26  Probe (Chrono Boost)  
  90  11:28  Probe x2 (Chrono Boost)  
  91  11:43  Probe (Chrono Boost)  
  91  11:45  Probe (Chrono Boost)  
  93  11:57  Extended Thermal Lance  
  87  12:23  Shield Battery  
  87  12:25  Shield Battery, Dark Templar x3  
  87  12:26  Dark Templar  
  87  12:28  Shield Battery  
  95  12:30  Stalker  
  95  12:31  Stalker  
  99  12:45  Probe (Chrono Boost)  
  100  13:01  Assimilator  
  100  13:02  Probe (Chrono Boost)  
  100  13:04  Assimilator  
  101  13:11  Immortal, Pylon  
  101  13:13  Pylon  
  101  13:19  Probe (Chrono Boost)  
  106  13:20  Pylon  
  106  13:23  Stargate  
  106  13:26  Stargate  
  106  13:36  Probe (Chrono Boost)  
  107  13:48  Probe (Chrono Boost)  
  108  14:00  Probe (Chrono Boost)  
  108  14:06  Assimilator  
  108  14:07  Pylon  
  108  14:08  Nexus, Assimilator  
  109  14:11  Protoss Air Weapons Level 1  
  109  14:12  Pylon  
  109  14:13  Probe (Chrono Boost)  
  109  14:14  Pylon  
  109  14:15  Protoss Ground Weapons Level 2  
  109  14:19  Pylon  
  110  14:20  Pylon  
  110  14:25  Shield Battery  
  110  14:28  Shield Battery  
  110  14:29  Photon Cannon  
  111  14:30  Probe (Chrono Boost)  
  111  14:38  Colossus  
  117  14:40  Photon Cannon  
  117  14:44  Immortal  
  117  14:47  Probe (Chrono Boost)  
  122  14:52  Void Ray  
  126  15:13  Fleet Beacon  
  126  15:28  Templar Archives  
  126  15:31  Void Ray  
  126  15:36  Zealot  
  126  15:37  Zealot  
  126  15:38  Zealot x2  
  126  15:39  Zealot  
  140  15:53  Colossus  
  140  15:57  Carrier  
  140  15:58  Probe (Chrono Boost)  
  146  16:09  Probe (Chrono Boost)  
  148  16:23  Probe (Chrono Boost)  
  148  16:24  Gateway  
  148  16:26  Gateway  
  148  16:29  Gateway  
  155  16:32  Shield Battery  
  155  16:35  Shield Battery  
  155  16:38  Shield Battery  
  156  16:40  Probe (Chrono Boost)  
  156  16:44  Shield Battery  
  156  16:46  Sentry  
  156  16:48  Sentry  
  168  16:55  Dark Templar x2  
  168  16:57  Probe (Chrono Boost)  
  107  17:22  Dark Templar x2  
  85  17:30  Zealot  
  85  17:31  Zealot x3  
  85  17:38  Tempest  
  90  17:45  Zealot x2  
  90  17:46  Zealot  
  91  17:58  Dark Templar  
  91  17:59  Dark Templar  
  98  18:00  Dark Templar  
  94  18:16  Zealot x3  
  94  18:17  Zealot x2  
  88  18:29  Dark Templar x2  
  56  19:02  Zealot  
  56  19:06  Photon Cannon, Zealot  
  56  19:09  Photon Cannon  
  54  19:13  Shield Battery  
  54  19:14  Zealot  
  54  19:18  Shield Battery  
  53  19:24  Zealot x2  
Tags
 
Add a new tag
Caveats
  • Supply blocks, unpowered buildings, or Contaminate may cause inaccurate times.
  • Supply counts are checked every 10 seconds.